 Dungeon Crawl Stone Soup version 0.31-a0-187-gba352fbbf7 (webtiles) character file.

Game seed: 3025520215634775595

765 qw the Skirmisher (level 7, 0/40 HPs)
             Began as a Deep Elf Hunter on June 22, 2023.
             Slain by Edmund
             ... wielding a +2 heavy flail
              (14 damage)
             ... on level 5 of the Dungeon.
             The game lasted 00:01:31 (3371 turns).

qw the Skirmisher (Deep Elf Hunter)                 Turns: 3371, Time: 00:01:32

Health: 0/40       AC:  9    Str: 10    XL:     7   Next: 52%
Magic:  9/9        EV: 11    Int: 14    God:
Gold:   225        SH:  0    Dex: 18    Spells: 6/6 levels left

rFire   . . .        Y - +4 longbow (freeze)
rCold   . . .        (shield currently unavailable)
rNeg    . . .        o - +0 ring mail
rPois   .            h - +1 helmet
rElec   .            (no cloak)
rCorr   .            d - +0 pair of gloves
SInv    .            m - +0 pair of boots
Will    .....        (no amulet)
Stlth   +            (no ring)
HPRegen 0.26/turn    (no ring)
MPRegen 0.11/turn

%: no passive effects
@: no status effects
A: no striking features
a: no special abilities


You were on level 5 of the Dungeon.
You visited 1 branch of the dungeon, and saw 5 of its levels.

You collected 297 gold pieces.
You spent 72 gold pieces at shops.


   Skills:
 - Level 2.0 Fighting
 + Level 11.6 Ranged Weapons
 - Level 1.0 Armour
 - Level 3.0 Dodging
 - Level 1.2 Stealth


You had 6 spell levels left.
You didn't know any spells.
Your spell library was empty.

Inventory:

Hand Weapons
 Y - a +4 longbow of freezing (weapon)
Armour
 d - a +0 pair of gloves (worn)
 h - a +1 helmet (worn)
 m - a +0 pair of boots (worn)
 o - a +0 ring mail (worn)
Scrolls
 a - a scroll of identify
Potions
 e - a potion of haste
 g - a potion of might
 i - a potion of enlightenment
 k - a potion of brilliance {unknown}
 l - a potion of invisibility {unknown}
 n - a potion of degeneration {unknown}

Dungeon Overview and Level Annotations

Branches:
Dungeon (5/15)
 Temple: D:4-7

Altars:
Dithmenos
Gozag

Shops:
D:3 [

Annotations:
D:4 3 runed translucent doors, qw's ghost, amateur DEHu
D:5 Edmund


Message History

You open the door.
There is an open door here.
A gnoll comes into view. It is wielding a +0 flail.
You shoot an arrow. The arrow hits the gnoll!
The arrow freezes the gnoll.
You kill the gnoll!
You now have 225 gold pieces (gained 16).
Blork the orc comes into view.
He is wielding a +0 war axe.
You shoot an arrow. The arrow hits Blork the orc.
The arrow freezes Blork the orc.
Blork the orc shouts!
Blork the orc is lightly wounded.
You hear a shout!
You shoot an arrow. The arrow hits Blork the orc!!
The arrow freezes Blork the orc.
Blork the orc is severely wounded.
You shoot an arrow. The arrow barely misses Blork the orc.
You shoot an arrow. The arrow hits Blork the orc!
The arrow freezes Blork the orc.
You kill Blork the orc!
Edmund the Younger comes into view.
He is wielding a +2 heavy flail.
You shoot an arrow. The arrow hits Edmund.
The arrow freezes Edmund.
Edmund is lightly wounded.
You shoot an arrow. The arrow hits Edmund.
The arrow freezes Edmund.
Edmund is lightly wounded.
You shoot an arrow.
The arrow hits Edmund but does no damage.
Edmund is lightly wounded.
You shoot an arrow. The arrow hits Edmund!
The arrow freezes Edmund.
Edmund is moderately wounded.
You shoot an arrow.
The arrow hits Edmund but does no damage.
Edmund is moderately wounded.
Edmund hits you with a +2 heavy flail!
You shoot an arrow. The arrow hits Edmund!
The arrow freezes Edmund.
Edmund is heavily wounded.
Edmund hits you with a +2 heavy flail!
You shoot an arrow. The arrow hits Edmund.
The arrow freezes Edmund.
Edmund is severely wounded.
Edmund hits you with a +2 heavy flail!
You die...

..)...............#
...........<......#
.##..........## #
##'######### ..
...##....##....##..
..)................
...##..........#
...
#######....##... ..
#@@....... .
...............
....##..!.##... ...
#....# .. . #....#
#..... .......
.....###


You could see Edmund.

Vanquished Creatures
  An ogre (D:2)
  2 phantoms (D:4)
  Blork the orc (D:5)
  A scorpion (D:3)
  An iguana (D:3)
  3 orc wizards
  Robin (D:3)
  5 adders
  13 gnolls
  4 worms
  2 dart slugs (D:1)
  3 orcs (D:4)
  10 ball pythons
  12 endoplasms
  5 giant cockroaches
  15 goblins
  12 hobgoblins
  3 jackals (D:4)
  2 quokkas (D:1)
  4 bats
  3 frilled lizards
  7 kobolds
  5 rats
115 creatures vanquished.

Notes
Turn   | Place    | Note
-------+----------+-------------------------------------------
     0 | D:1      | qw the Deep Elf Hunter began the quest for the Orb.
     0 | D:1      | Reached XP level 1. HP: 12/12 MP: 3/3
     0 | D:1      | 0 ||| qw: Version: 0.3-a-9-g12657ce
     0 | D:1      | 0 ||| qw: Game counter: 2163
     0 | D:1      | 0 ||| qw: Always use a shield: true
     0 | D:1      | 0 ||| qw: God list: Okawaru
     0 | D:1      | 0 ||| qw: Allow faded altars: false
     0 | D:1      | 0 ||| qw: Do Orc after D:15 true
     0 | D:1      | 0 ||| qw: Do second Lair branch before Depths: true
     0 | D:1      | 0 ||| qw: Lair rune preference: random
     0 | D:1      | 0 ||| qw: Plans: Normal
     0 | D:1      | 0 ||| PLANNING D:1-11
   355 | D:1      | Reached skill level 6 in Ranged Weapons
   355 | D:1      | Reached XP level 2. HP: 16/16 MP: 4/4
   411 | D:1      | 411 ||| FLEEEEING.
   412 | D:1      | 412 ||| FLEEEEING.
   413 | D:1      | 413 ||| FLEEEEING.
   414 | D:1      | 414 ||| FLEEEEING.
   415 | D:1      | 415 ||| FLEEEEING.
   416 | D:1      | 416 ||| FLEEEEING.
   417 | D:1      | 417 ||| FLEEEEING.
   419 | D:1      | 419 ||| FLEEEEING.
   420 | D:1      | 420 ||| FLEEEEING.
   421 | D:1      | 421 ||| FLEEEEING.
   439 | D:1      | Found a faded altar of an unknown god.
   486 | D:1      | 486 ||| Stepping ~*~*~tactically~*~*~ (outnumbered).
   644 | D:1      | Reached XP level 3. HP: 20/20 MP: 5/5
   849 | D:1      | 849 ||| READING scroll labelled AQIOTTUCORUE.
   850 | D:1      | 850 ||| READING scroll labelled JUTHAP LEHO.
   851 | D:1      | 851 ||| READING scroll labelled RUTETH PAZOAJO.
   852 | D:1      | 852 ||| READING scroll labelled OLUWNOISMI.
   853 | D:1      | 853 ||| DROPPING scroll of butterflies.
   902 | D:2      | 902 ||| READING scroll of enchant weapon.
   902 | D:2      | 902 ||| ENCHANTING +1 shortbow.
   923 | D:2      | Reached skill level 7 in Ranged Weapons
  1146 | D:2      | Reached XP level 4. HP: 25/25 MP: 6/6
  1499 | D:2      | Noticed an ogre
  1505 | D:2      | Killed an ogre
  1506 | D:2      | Reached skill level 8 in Ranged Weapons
  1506 | D:2      | Reached XP level 5. HP: 29/29 MP: 7/7
  1681 | D:2      | Reached skill level 9 in Ranged Weapons
  1796 | D:2      | 1796 ||| UPGRADING to +0 pair of gloves.
  1801 | D:2      | 1801 ||| READING 3 scrolls labelled REECUC EBUGI.
  1802 | D:2      | 1802 ||| READING scroll labelled HESEHIZXUI.
  1803 | D:2      | 1803 ||| READING 2 scrolls labelled MEGOFA XUKA.
  1808 | D:2      | 1808 ||| DRINKING 2 smoky emerald potions.
  1809 | D:2      | 1809 ||| DRINKING 4 fuming emerald potions.
  1810 | D:2      | 1810 ||| READING 2 scrolls of identify.
  1810 | D:2      | 1810 ||| IDENTIFYING lumpy orange potion
  1811 | D:2      | 1811 ||| DROPPING 3 potions of attraction.
  1945 | D:3      | Found Pubod's Antique Armour Shoppe.
  1966 | D:3      | 1966 ||| BUYING pair of boots (72 gold).
  1966 | D:3      | Bought a pair of boots for 72 gold pieces
  1966 | D:3      | 1966 ||| SHOPLISTING pair of embroidered gloves (120 gold,
                  | have 91).
  1966 | D:3      | 1966 ||| SHOPLISTING shimmering ring mail (144 gold, have
                  | 91).
  2195 | D:3      | Reached skill level 3 in Dodging
  2195 | D:3      | Noticed Robin
  2209 | D:3      | Killed Robin
  2210 | D:3      | HP: 6/30 [goblin/+0 dagger[Robin] (2)]
  2211 | D:3      | 2211 ||| READING scroll of teleportation.
  2418 | D:3      | Reached XP level 6. HP: 29/35 MP: 8/8
  2418 | D:3      | 2418 ||| FLEEEEING.
  2419 | D:3      | 2419 ||| FLEEEEING.
  2420 | D:3      | 2420 ||| FLEEEEING.
  2421 | D:3      | 2421 ||| FLEEEEING.
  2422 | D:3      | 2422 ||| FLEEEEING.
  2423 | D:3      | 2423 ||| FLEEEEING.
  2424 | D:3      | 2424 ||| FLEEEEING.
  2425 | D:3      | 2425 ||| FLEEEEING.
  2426 | D:3      | 2426 ||| FLEEEEING.
  2427 | D:3      | 2427 ||| FLEEEEING.
  2428 | D:3      | 2428 ||| FLEEEEING.
  2434 | D:3      | 2434 ||| STAIRDANCE
  2449 | D:2      | 2449 ||| UPGRADING to +1 helmet.
  2454 | D:2      | 2454 ||| UPGRADING to +0 pair of boots.
  2459 | D:2      | 2459 ||| UPGRADING to +0 ring mail.
  2469 | D:2      | 2469 ||| DROPPING +0 leather armour.
  2470 | D:2      | 2470 ||| READING scroll labelled BAKHUPL LYASO.
  2470 | D:2      | Identified a scroll of acquirement
  2470 | D:2      | 2470 ||| ACQUIRING +4 longbow of draining
  2470 | D:2      | Acquired a +4 longbow of draining
  2472 | D:2      | 2472 ||| SWAPPING to +4 longbow of draining.
  2473 | D:2      | 2473 ||| DROPPING +2 shortbow.
  2474 | D:2      | 2474 ||| READING scroll labelled FOTURI SINEMAG.
  2475 | D:2      | 2475 ||| READING scroll labelled SEYVIH XOOSUJU.
  2599 | D:4      | Reached skill level 1 in Armour
  2619 | D:4      | 2619 ||| FLEEEEING.
  2620 | D:4      | 2620 ||| FLEEEEING.
  2623 | D:4      | 2623 ||| STAIRDANCE
  2678 | D:4      | 2678 ||| STAIRDANCE
  2682 | D:3      | Reached skill level 10 in Ranged Weapons
  2857 | D:4      | Reached XP level 7. HP: 40/40 MP: 9/9
  2982 | D:4      | Found a runed translucent gate.
  2982 | D:4      | Found a runed translucent gate.
  2984 | D:4      | Found an opulent altar of Gozag.
  2985 | D:4      | Found a runed translucent gate.
  2987 | D:4      | Noticed qw's ghost (amateur DEHu)
  3018 | D:4      | Reached skill level 11 in Ranged Weapons
  3040 | D:4      | Found a shadowy altar of Dithmenos.
  3251 | D:4      | 3251 ||| DRINKING 2 sedimented silvery potions.
  3300 | D:4      | 3300 ||| READING 3 scrolls of identify.
  3300 | D:4      | 3300 ||| IDENTIFYING glowing yellow potion
  3301 | D:4      | 3301 ||| READING 2 scrolls of identify.
  3301 | D:4      | 3301 ||| IDENTIFYING yellow potion
  3302 | D:4      | 3302 ||| DROPPING potion of berserk rage.
  3303 | D:4      | 3303 ||| DROPPING potion of lignification.
  3341 | D:5      | Entered Level 5 of the Dungeon
  3360 | D:5      | Noticed Blork the orc
  3364 | D:5      | Killed Blork the orc
  3364 | D:5      | Noticed Edmund
  3371 | D:5      | Slain by Edmund

Levels and vault maps discovered:
D:1:      giann_forest_graveyard, layout_basic, ebering_ecumenical_altar_webs,
          minmay_indecisive_spiral
D:2:      minmay_evil_eye, layout_basic
D:3:      layout_basic, serial_shops, nicolae_shop_overgrown_old_shop,
          uniq_robin
D:4:      layout_basic, nicolae_overflow_crystal_walls, ebering_ghost_gozag,
          grunt_decor_fettered
D:5:      layout_gridville, jmf_multi_god_temple, uniq_duvessa,
          uniq_blork_the_orc, uniq_edmund

Skill      XL: |  1  2  3  4  5  6  7 |
---------------+----------------------+-----
Ranged Weapons | 6 7 8 9 10 11 | 11.6
Dodging        | 3 |  3.0
Fighting       | 2 |  2.0
Armour         | 1 |  1.0
Stealth        | |  1.2

Action                     |  1- 3 |  4- 6 |  7- 9 || total
---------------------------+-------+-------+-------++-------
   Fire: Shortbow          |    88 |   132 |       ||   220
         Longbow           |       |    48 |    34 ||    82
    Use: Scroll            |     5 |     8 |     2 ||    15
         Potion            |       |     2 |     1 ||     3
 Armour: Leather armour    |     7 |    22 |       ||    29
         Ring mail         |       |    24 |       ||    24
  Dodge: Dodged            |    18 |    47 |       ||    65

Table legend:
 A = Non-vault XP
 B = Vault XP
 C = Vault XP percentage of total XP
 D = Non-vault monster count
 E = Vault monster count
 F = Vault count percentage of total count
                 A         B        C        D         E       F
            +---------+---------+-------+---------+---------+-------
      Total |     926 |     168 |  15.4 |      92 |      23 |  20.0
            +---------+---------+-------+---------+---------+-------
        D:1 |      33 |       8 |  19.5 |      19 |       4 |  17.4
        D:2 |     222 |      21 |   8.6 |      22 |       5 |  18.5
        D:3 |     235 |      39 |  14.2 |      21 |      13 |  38.2
        D:4 |     408 |       0 |   0.0 |      28 |       0 |   0.0
        D:5 |      28 |     100 |  78.1 |       2 |       1 |  33.3
            +---------+---------+-------+---------+---------+-------
